 Dungeon Crawl Stone Soup version 0.25.1-2-g60ff931df9 (webtiles) character file.

Game seed: 9531224924946963482

996 Erymatos the Cleaver (level 7, -2/64 HPs)
             Began as a Minotaur Berserker on Nov 16, 2020.
             Was a Priest of Trog.
             Slain by an ogre
             ... wielding a +0 giant club
              (16 damage)
             ... on level 6 of the Dungeon.
             The game lasted 00:05:36 (4690 turns).

Erymatos the Cleaver (Minotaur Berserker)           Turns: 4690, Time: 00:05:36

Health: -2/64      AC:  5    Str: 23    XL:     7   Next: 99%
Magic:  0/15       EV: 12    Int:  4    God:    Trog [***...]
Gold:   348        SH: 11    Dex: 13    Spells: 6/6 levels left

rFire    . . .     SeeInvis .   a - +0 hand axe
rCold    . . .     Gourm    .   v - +2 kite shield
rNeg     . . .     Faith    .   w - +2 robe of Minor Irritation {-Cast MP+9 Dex+3}
rPois    .         Spirit   +   (helmet restricted)
rElec    .         Reflect  .   p - +0 cloak
rCorr    .         Harm     .   (no gloves)
MR       ++...     NoCast   +   (no boots)
Stlth    ++........             g - amulet of guardian spirit
HPRegen  1.20/turn              (no ring)
MPRegen  0.14/turn              (no ring)

@: berserk cooldown, regenerating, slowed, very slow
A: retaliatory headbutt, horns 2
a: Berserk, Trog's Hand, Renounce Religion


You were on level 6 of the Dungeon.
You worshipped Trog.
Trog was most pleased with you.
You were very hungry.

You visited 1 branch of the dungeon, and saw 6 of its levels.

You collected 348 gold pieces.

Inventory:

Hand Weapons
 a - a +0 hand axe (weapon)
Armour
 b - a +0 animal skin
 p - a +0 cloak (worn)
 v - a +2 kite shield (worn)
 w - the +2 robe of Minor Irritation (worn) {-Cast MP+9 Dex+3}
   (You found it on level 5 of the Dungeon)

   It affects your dexterity (+3).
   It affects your magic capacity (+9).
   It prevents spellcasting.
Jewellery
 g - an amulet of guardian spirit (around neck)
Scrolls
 d - 4 scrolls of remove curse {unknown}
 e - 4 scrolls of teleportation {unknown}
 k - 2 scrolls of amnesia {unknown}
 l - 7 scrolls of identify {unknown}
 m - a scroll of immolation {unknown}
 r - 2 scrolls of fog {unknown}
 x - a scroll of magic mapping {unknown}
 y - a scroll of enchant weapon {unknown}
Potions
 f - a potion of resistance {unknown}
 h - a potion of stabbing {unknown}
 i - 2 potions of haste {unknown}
 j - a potion of mutation {unknown}
 n - a potion of brilliance {unknown}
 o - 3 potions of ambrosia {unknown}
 q - 3 potions of degeneration {unknown}
 s - 3 potions of heal wounds {unknown}
 t - a potion of berserk rage {unknown}
 u - 2 potions of curing {unknown}
 A - a potion of flight {unknown}
 B - a potion of might {unknown}
Comestibles
 c - 8 rations


   Skills:
 + Level 6.5 Fighting
 + Level 8.5 Axes
 + Level 2.6 Armour
 + Level 4.6 Dodging
 - Level 1.2 Stealth
 + Level 2.4 Shields


You had 6 spell levels left.
You didn't know any spells.
Your spell library was empty.

Dungeon Overview and Level Annotations

Branches:
Dungeon (6/15)
 Temple: D:4-7

Altars:
Ashenzari
Cheibriados
Elyvilon
Gozag
Hepliaklqana
Nemelex Xobeh
Okawaru
Wu Jian
Xom

Annotations:
D:5 2 transporters, chickendinner's ghost, novice MiMo


Innate Abilities, Weirdness & Mutations

You reflexively headbutt those who attack you in melee.
You have a pair of horns on your head.


Message History

Trog accepts your kill.
Unknown command.
You feel a strong urge to attack something.
An orc comes into view.
Unknown command.
You feel your anger nearly subside.
You are no longer berserk.
You are exhausted.
You feel yourself slow down.
You hit the orc but do no damage. Your headbutt misses the orc.
You block the orc's attack.
An orc comes into view. It is wielding a +0 hand axe.
An ogre comes into view. It is wielding a +0 giant club.
The orc closely misses you. You furiously retaliate!
You headbutt the orc, but do no damage.
Unknown command.
You hit the orc. You headbutt the orc.
You kill the orc!
Trog accepts your kill.
The ogre hits you with a +0 giant club!!
You die...

#.. ..# #.. #
#.# #.#o# #
.####.#.##.#
...........#
#.#O#
.####.#@########
......)[........
..###.#)########
##.#.#########
##
#............#
..
#..#.#######.#
#.##..#.#
#.......#
####..###


You could see an ogre and an orc.

Vanquished Creatures
  Grinder (D:3)
  An orc warrior (D:6)
  2 centaurs (D:6)
  A howler monkey (D:4)
  4 crimson imps (D:3)
  2 orc priests
  Crazy Yiuf (D:3)
  An iguana (D:4)
  An orc wizard (D:3)
  A hound skeleton (D:6)
  6 adders
  4 gnolls (D:5)
  An ooze (D:1)
  An adder zombie (D:5)
  An adder skeleton (D:6)
  3 worms
  A dart slug (D:1)
  4 leopard geckos
  14 orcs
  3 giant cockroaches
  8 goblins
  9 hobgoblins
  7 jackals (D:5)
  10 kobolds
  2 quokkas
  A ball python (D:6)
  10 bats
  3 frilled lizards (D:1)
  6 rats
109 creatures vanquished.

Notes
Turn   | Place    | Note
-------+----------+-------------------------------------------
     0 | D:1      | Erymatos the Minotaur Berserker began the quest for the
                  | Orb.
     0 | D:1      | Reached XP level 1. HP: 19/19 MP: 0/0
    83 | D:1      | Reached XP level 2. HP: 20/27 MP: 1/1
    83 | D:1      | Reached skill level 4 in Axes
   637 | D:1      | Reached XP level 3. HP: 33/33 MP: 2/2
   918 | D:2      | Reached ** piety under Trog
  1013 | D:2      | Found a shattered altar of Ashenzari.
  1272 | D:2      | Reached XP level 4. HP: 36/41 MP: 3/3
  1839 | D:3      | Reached skill level 5 in Axes
  2073 | D:3      | Found an opulent altar of Gozag.
  2122 | D:3      | Noticed Grinder
  2135 | D:3      | Killed Grinder
  2135 | D:3      | Reached skill level 5 in Fighting
  2135 | D:3      | Reached skill level 6 in Axes
  2135 | D:3      | Reached XP level 5. HP: 38/48 MP: 1/4
  2135 | D:3      | Reached XP level 6. HP: 44/56 MP: 1/5
  2391 | D:3      | Found a white marble altar of Elyvilon.
  2429 | D:3      | Found a shimmering altar of Xom.
  2441 | D:3      | Reached skill level 7 in Axes
  2449 | D:3      | Reached *** piety under Trog
  2717 | D:3      | Found a sparkling altar of Nemelex Xobeh.
  2720 | D:3      | Found an ornate altar of the Wu Jian Council.
  2779 | D:3      | Found a runed translucent door.
  2780 | D:3      | Noticed Crazy Yiuf
  3099 | D:3      | Killed Crazy Yiuf
  3099 | D:3      | Reached XP level 7. HP: 62/62 MP: 6/6
  3228 | D:4      | Reached skill level 1 in Stealth
  3538 | D:5      | Entered Level 5 of the Dungeon
  3573 | D:5      | Got a creamy pearl robe
  3584 | D:5      | Identified the +2 robe of Minor Irritation {-Cast MP+9
                  | Dex+3} (You found it on level 5 of the Dungeon)
  3809 | D:5      | Found a snail-covered altar of Cheibriados.
  3844 | D:5      | Found a transporter.
  3846 | D:5      | Noticed chickendinner's ghost (novice MiMo)
  3851 | D:5      | Found a transporter.
  3910 | D:5      | Found a hazy altar of Hepliaklqana.
  4162 | D:5      | Reached skill level 8 in Axes
  4310 | D:5      | Found an iron altar of Okawaru.
  4533 | D:6      | Reached skill level 1 in Shields
  4690 | D:6      | Slain by an ogre

Illustrated notes

Levels and vault maps discovered:
D:1:      heliophobic_arrival_henge, layout_loops_ring
D:2:      layout_loops_ring, evilmike_ruin_ashenzari, hex_large
D:3:      layout_basic, grunt_gozag_breadcrumbs, lemuel_doored_altar,
          led_xom_imps, nemelex_xobeh_ov_fountains_minmay, elyvilon_altar_5,
          uniq_grinder, uniq_crazy_yiuf_cottage
D:4:      layout_rooms, minivault_1, minmay_increasing_density
D:5:      layout_loops_ring, lemuel_round_altar, nicolae_overflow_hidden_temple,
          basic_altar, first_ration, gammafunk_ghost_hive
D:6:      layout_loops_ring, kennysheep_generic_room_8

Skill      XL: |  1  2  3  4  5  6  7 |
---------------+----------------------+-----
Axes           | 4 6 7 8 |  8.5
Fighting       | 4 5 6 |  6.5
Dodging        | 3 4 |  4.6
Stealth        | 1 |  1.2
Shields        | 2 |  2.4
Armour         | |  2.6

Action                   |  1- 3 |  4- 6 |  7- 9 || total
-------------------------+-------+-------+-------++-------
Melee: Hand axe          |    78 |    85 |    85 ||   248
       Headbutt          |    10 |    12 |    28 ||    50
Invok: Berserk           |     1 |     3 |     2 ||     6
       Trog's Hand       |       |       |     1 ||     1
 Stab: Sleeping          |       |     1 |       ||     1
  Eat: Chunk             |     2 |     7 |     4 ||    13
       Ration            |       |       |     1 ||     1
Armor: Animal skin       |    28 |    13 |     1 ||    42
       Robe              |       |       |    13 ||    13
Dodge: Dodged            |    46 |    73 |    38 ||   157
Block: Kite shield       |       |       |    42 ||    42
